 Dungeon Crawl Stone Soup version 0.31-a0-263-ge8cad7f256 (webtiles) character file.

Game seed: 16645874890498007075

191 qw the Shooter (level 5, 0/32 HPs)
             Began as a Gargoyle Hexslinger on July 13, 2023.
             Killed by divine providence
             ... invoked by an orc priest
              (11 damage)
             ... on level 4 of the Dungeon.
             The game lasted 00:01:18 (2688 turns).

qw the Shooter (Gargoyle Hexslinger)                Turns: 2688, Time: 00:01:18

Health: 0/32       AC:  9    Str: 12    XL:     5   Next: 70%
Magic:  6/6        EV: 10    Int: 13    God:
Gold:   169        SH:  0    Dex: 14    Spells: 5/6 levels left

rFire   . . .        Y - +1 sling
rCold   . . .        (no shield)
rNeg    + . .        d - +0 ring mail
rPois   inf          (no helmet)
rElec   +            (no cloak)
rCorr   .            (no gloves)
SInv    .            (no boots)
Will    .....        (no amulet)
Stlth   +            (no ring)
HPRegen 0.25/turn    (no ring)
MPRegen 0.10/turn

%: no passive effects
@: no status effects
A: sickness immunity, AC +4, negative energy resistance 1, electricity
resistance, torment resistance 1, petrification resistance
a: no special abilities


You were on level 4 of the Dungeon.
You visited 1 branch of the dungeon, and saw 4 of its levels.

You collected 169 gold pieces.


Innate Abilities, Weirdness & Mutations

You are immune to sickness and miasma.
Your stone body is resilient. (AC +4)
You are immune to poison.
You resist negative energy. (rN+)
You are resistant to electric shocks. (rElec)
You are resistant to unholy torment.
You are immune to petrification.


   Skills:
 + Level 2.9 Fighting
 - Level 5.0 Ranged Weapons
 - Level 1.0 Armour
 - Level 1.5 Dodging
 - Level 1.0 Spellcasting
 - Level 2.6 Hexes


You had 5 spell levels left.
You knew the following spells:

 Your Spells              Type           Power      Damage    Failure   Level
a - Slow                  Hex            28%        N/A       22%         1

Your spell library contained the following spells:

 Spells                   Type           Power      Damage    Failure   Level
 Inner Flame              Hex/Fire       4%         N/A       73%         3
 Portal Projectile        Hex/Tloc       8%         N/A       73%         3
 Cause Fear               Hex            3%         N/A       91%         4

Inventory:

Hand Weapons
 Y - a +1 sling (weapon)
Armour
 d - a +0 ring mail (worn)
Scrolls
 g - a scroll of immolation {unknown}
 k - a scroll of teleportation
Potions
 a - a potion of invisibility {unknown}
 b - a potion of enlightenment
 c - 2 potions of resistance {unknown}
 e - a potion of mutation {unknown}
 f - a potion of curing {unknown}
 h - a potion of cancellation {unknown}
 i - a potion of haste
 j - a potion of ambrosia {unknown}
 l - a potion of degeneration {unknown}
 m - a potion of might {unknown}
 n - a potion of heal wounds {unknown}

Dungeon Overview and Level Annotations

Branches:
Dungeon (4/15)
 Temple: D:4-7

Altars:
The Shining One

Shops:
D:3 :


Message History

The orc shouts!
The sling bullet hits the orc.
The orc is severely wounded.
You hear a shout!
An orc priest comes into view. It is wielding a +0 hand axe.
You shoot a sling bullet. The sling bullet barely misses the orc.
The sling bullet closely misses the orc.
The orc priest calls upon Beogh to heal the orc.
The orc's wounds heal themselves!
The orc priest mumbles some strange prayers to Beogh against you.
Beogh smites you!
Ouch! That really hurt!
The orc hits you but does no damage.
You shoot a sling bullet.
The sling bullet closely misses the orc.
The sling bullet completely misses the orc.
The orc closely misses you. The orc barely misses you.
You shoot a sling bullet.
The sling bullet completely misses the orc.
The sling bullet hits the orc.
The orc is almost dead.
The orc barely misses you.
You shoot a sling bullet.
The sling bullet hits the orc but does no damage.
The orc priest calls upon Beogh to heal the orc.
The orc is healed somewhat.
The orc closely misses you.
You shoot a sling bullet. The sling bullet barely misses the orc.
The orc priest mumbles some strange prayers to Beogh against you.
You barely resist. The orc hits you but does no damage.
The orc hits you with a +0 hand axe.
You shoot a sling bullet. The sling bullet hits the orc.
The orc is lightly wounded.
The orc hits you with a +0 club. The orc closely misses you.
The orc priest hits you with a +0 mace. The orc closely misses you.
The orc hits you but does no damage.
You shoot a sling bullet. The sling bullet hits the orc.
The orc is severely wounded.
The orc priest invokes the aid of Beogh against you.
Beogh smites you!
You die...

....###.)............#
....#
###)...........#.
....# ##..............
....# #...............
....# #..............#
....# #............#
##### #..........##
#....##....#
########.@o# #.oo#
#.oo.. ........
......$.?..
............
............?
..............


You could see 2 orc priests and 3 orcs.

Vanquished Creatures
  An orc priest (D:4)
  Jessica (D:3)
  5 adders
  2 worms
  2 dart slugs (D:1)
  3 orcs (D:4)
  7 endoplasms
  2 giant cockroaches
  5 goblins
  6 hobgoblins
  11 jackals
  4 kobolds
  3 quokkas
  8 ball pythons
  6 bats
  4 frilled lizards
  4 rats
74 creatures vanquished.

Notes
Turn   | Place    | Note
-------+----------+-------------------------------------------
     0 | D:1      | qw the Gargoyle Hexslinger began the quest for the Orb.
     0 | D:1      | Reached XP level 1. HP: 12/12 MP: 2/2
     0 | D:1      | 0 ||| qw: Version: 0.3-a-52-g30416fa
     0 | D:1      | 0 ||| qw: Game counter: 7182
     0 | D:1      | 0 ||| qw: Melee chars always use a shield: true
     0 | D:1      | 0 ||| qw: God list: Okawaru
     0 | D:1      | 0 ||| qw: Allow faded altars: false
     0 | D:1      | 0 ||| qw: Do Orc after clearing Dungeon:15 true
     0 | D:1      | 0 ||| qw: Do second Lair branch before Depths: true
     0 | D:1      | 0 ||| qw: Lair rune preference: random
     0 | D:1      | 0 ||| qw: Goals: Normal
     0 | D:1      | 0 ||| PLANNING D:1-11
   130 | D:1      | Reached XP level 2. HP: 16/16 MP: 3/3
   313 | D:1      | Reached skill level 3 in Ranged Weapons
   431 | D:1      | 431 ||| Stepping ~*~*~tactically~*~*~ (outnumbered).
   433 | D:1      | 433 ||| Stepping ~*~*~tactically~*~*~ (outnumbered).
   435 | D:1      | 435 ||| Stepping ~*~*~tactically~*~*~ (outnumbered).
   437 | D:1      | 437 ||| Stepping ~*~*~tactically~*~*~ (outnumbered).
   439 | D:1      | 439 ||| Stepping ~*~*~tactically~*~*~ (outnumbered).
   441 | D:1      | 441 ||| Stepping ~*~*~tactically~*~*~ (outnumbered).
   443 | D:1      | 443 ||| Stepping ~*~*~tactically~*~*~ (outnumbered).
   445 | D:1      | 445 ||| Stepping ~*~*~tactically~*~*~ (outnumbered).
   447 | D:1      | 447 ||| Stepping ~*~*~tactically~*~*~ (outnumbered).
   487 | D:1      | Reached XP level 3. HP: 21/21 MP: 4/4
   920 | D:1      | 920 ||| UPGRADING to +0 ring mail.
   930 | D:1      | 930 ||| DROPPING +0 robe.
   931 | D:1      | 931 ||| READING scroll labelled HUFOWET QUPNUHE.
   932 | D:1      | 932 ||| READING scroll labelled DUINUSH JOFA.
   933 | D:1      | 933 ||| READING scroll labelled ZAWUEPP HEHAE.
   936 | D:1      | 936 ||| DROPPING scroll of poison.
  1090 | D:2      | HP: 1/21 [worm (9)]
  1486 | D:2      | Reached XP level 4. HP: 26/26 MP: 5/5
  1500 | D:2      | 1500 ||| Stepping ~*~*~tactically~*~*~ (outnumbered).
  1501 | D:2      | 1501 ||| Stepping ~*~*~tactically~*~*~ (outnumbered).
  1504 | D:2      | Reached skill level 4 in Ranged Weapons
  1514 | D:2      | Reached skill level 1 in Armour
  1720 | D:2      | 1720 ||| READING 2 scrolls labelled CEAWINN SAHE.
  1721 | D:2      | 1721 ||| DRINKING 3 bubbling white potions.
  1749 | D:2      | 1749 ||| DROPPING scroll of noise.
  1750 | D:2      | 1750 ||| DROPPING 2 potions of lignification.
  2028 | D:3      | Found Hajeec's Book Boutique.
  2047 | D:3      | Noticed Jessica
  2052 | D:3      | Killed Jessica
  2053 | D:3      | Reached XP level 5. HP: 30/30 MP: 6/6
  2235 | D:3      | Reached skill level 5 in Ranged Weapons
  2276 | D:3      | Found a faded altar of an unknown god.
  2335 | D:3      | Found a glowing golden altar of the Shining One.
  2401 | D:3      | Identified the +8 scale mail of the Abyss {rF+ Regen+
                  | Str-3}
  2606 | D:3      | 2606 ||| READING scroll labelled NESTIH JEOZAKAE.
  2607 | D:3      | 2607 ||| DRINKING 2 blue potions.
  2608 | D:3      | 2608 ||| DRINKING 2 puce potions.
  2688 | D:4      | Killed from afar by an orc priest

Levels and vault maps discovered:
D:1:      minmay_arrival_glassed_features, layout_loops_corners
D:2:      layout_loops_ring
D:3:      layout_basic, lemuel_round_altar, serial_shops, shop,
          ebering_ecumenical_altar_mist, uniq_jessica
D:4:      layout_cave_pods, kennysheep_another_room

Skill      XL: |  1  2  3  4  5 |
---------------+----------------+-----
Ranged Weapons | 3 4 5 |  5.0
Fighting       | 2 |  2.9
Armour         | 1 |  1.0
Dodging        | |  1.5
Spellcasting   | |  1.0
Hexes          | |  2.6

Action                     |  1- 3 |  4- 6 || total
---------------------------+-------+-------++-------
   Fire: Sling             |   159 |   169 ||   328
    Use: Scroll            |     3 |     2 ||     5
         Potion            |       |     3 ||     3
 Armour: Robe              |     9 |       ||     9
         Ring mail         |    31 |   106 ||   137
  Dodge: Dodged            |    54 |   111 ||   165

Table legend:
 A = Non-vault XP
 B = Vault XP
 C = Vault XP percentage of total XP
 D = Non-vault monster count
 E = Vault monster count
 F = Vault count percentage of total count
                 A         B        C        D         E       F
            +---------+---------+-------+---------+---------+-------
      Total |     237 |      37 |  13.5 |      73 |       1 |   1.4
            +---------+---------+-------+---------+---------+-------
        D:1 |      42 |       0 |   0.0 |      23 |       0 |   0.0
        D:2 |      79 |       0 |   0.0 |      22 |       0 |   0.0
        D:3 |      62 |      37 |  37.4 |      23 |       1 |   4.2
        D:4 |      54 |       0 |   0.0 |       5 |       0 |   0.0
            +---------+---------+-------+---------+---------+-------
